 Dungeon Crawl Stone Soup version 0.21.1-1-g345015fe64 (webtiles) character file.

144 Kohma the Poker (level 5, -2/41 HPs)
             Began as a Merfolk Gladiator on June 9, 2018.
             Succumbed to Crazy Yiuf's poison
             ... on level 3 of the Dungeon.
             The game lasted 00:08:30 (2047 turns).

Kohma the Poker (Merfolk Gladiator)                 Turns: 2047, Time: 00:08:30

Health: -2/41      AC:  5    Str: 14    XL:     5   Next: 26%
Magic:  5/5        EV: 16    Int:  8    God:
Gold:   100        SH:  0    Dex: 16    Spells: 4/4 levels left

rFire    + . .     SeeInvis .   a - +0 trident
rCold    + . .     Gourm    .   (no shield)
rNeg     . . .     Faith    .   l - +1 robe {rC+ rF+}
rPois    .         Spirit   .   c - +0 helmet
rElec    .         Reflect  .   (no cloak)
rCorr    .         Harm     .   (no gloves)
MR       .....                  n - +0 pair of boots
Stlth    +.........             (no amulet)
HPRegen  0.13/turn              (no ring)
MPRegen  0.09/turn              (no ring)

@: lethally poisoned (-2 -> -21), slowed, very slow
A: change form in water, swift swim, stealthy swim
a: no special abilities


You were on level 3 of the Dungeon.
You were not hungry.

You visited 1 branch of the dungeon, and saw 4 of its levels.

You collected 100 gold pieces.

Inventory:

Hand Weapons
 a - a +0 trident (weapon)
Missiles
 d - 2 throwing nets (quivered)
 g - 13 javelins
 x - 8 tomahawks
Armour
 b - a +0 leather armour
 c - a +0 helmet (worn)
 l - a +1 robe of resistance (worn)
 n - a +0 pair of boots (worn)
Scrolls
 e - 2 scrolls of immolation {unknown}
 h - a scroll of blinking {unknown}
 i - a scroll of amnesia
 j - 2 scrolls of identify {unknown}
 q - a scroll of enchant weapon {unknown}
 s - a scroll of fog {unknown}
 v - a scroll of enchant armour {unknown}
Potions
 k - 4 potions of resistance {unknown}
 m - a potion of magic {unknown}
 o - a potion of cancellation {unknown}
 p - 2 potions of curing {unknown}
 r - a potion of brilliance {unknown}
 t - 2 potions of degeneration {unknown}
 u - a potion of lignification {unknown}
 z - a potion of ambrosia {unknown}
Comestibles
 f - 6 rations


   Skills:
 + Level 3.2 Fighting
 * Level 6.2 Polearms
 - Level 2.1 Throwing
 * Level 5.7 Dodging


You had 4 spell levels left.
You didn't know any spells.

Dungeon Overview and Level Annotations

Branches:
Dungeon (4/15)
 Temple: D:4-7

Altars:


Message History

Crazy Yiuf hits you with a quarterstaff of chaos!
* * * LOW HITPOINT WARNING * * *
You barely miss Crazy Yiuf.
Crazy Yiuf is almost dead.
* * * LOW HITPOINT WARNING * * *
You feel sick.
Crazy Yiuf hits you with a quarterstaff of chaos.
* * * LOW HITPOINT WARNING * * *
You are more poisoned.
Unknown command.
Okay, then.
Okay, then.
You hit Crazy Yiuf.
You kill Crazy Yiuf!
* * * LOW HITPOINT WARNING * * *
You feel very sick.
As you read the scroll labeled WEUPHAV KEZUTY, it crumbles to dust.
It is a scroll of amnesia.
You feel forgetful for a moment.
You die...

###.#...##########
########..
###.....### #..
........# #####
### ###.....#
#..)# #.....#
#...# #.....###
... #...)...# #'#
#######.# ♣♣)♣ #.#
♣@♣♣ #.# ♣♣.♣ #.#
♣.♣♣ #.# ♣♣.♣♣ #.#
♣...♣♣ #.# ♣♣...♣
#.# #....#
#.###....#
#........#


There were no monsters in sight!

Vanquished Creatures
  Crazy Yiuf (D:3)
  4 gnolls (D:3)
  2 adders (D:2)
  3 worms
  2 dart slugs
  A leopard gecko (D:3)
  6 bats
  4 giant cockroaches
  4 hobgoblins
  7 jackals
  2 goblins (D:2)
  4 kobolds
  6 rats
46 creatures vanquished.

Notes
Turn   | Place    | Note
-------+----------+-------------------------------------------
     0 | D:1      | Kohma the Merfolk Gladiator began the quest for the Orb.
     0 | D:1      | Reached XP level 1. HP: 16/16 MP: 1/1
   157 | D:1      | Reached XP level 2. HP: 21/23 MP: 2/2
   572 | D:2      | Reached skill level 5 in Polearms
   572 | D:2      | Reached XP level 3. HP: 28/28 MP: 3/3
  1254 | D:2      | Reached skill level 5 in Dodging
  1354 | D:2      | Reached XP level 4. HP: 34/34 MP: 4/4
  1663 | D:3      | Found a faded altar of an unknown god.
  1814 | D:3      | Reached skill level 6 in Polearms
  1999 | D:3      | Reached XP level 5. HP: 40/41 MP: 5/5
  2032 | D:3      | Found a runed door.
  2036 | D:3      | Noticed Crazy Yiuf
  2046 | D:3      | Killed Crazy Yiuf
  2046 | D:3      | HP: 1/41 [poisoned by Crazy Yiuf]
  2047 | D:3      | Succumbed to Crazy Yiuf's poison

Skill      XL: |  1  2  3  4 |
---------------+-------------+-----
Polearms       | 5 6 |  6.2
Dodging        | 5 |  5.7
Fighting       | 3 |  3.2
Throwing       | |  2.1

Action                   |  1- 3 |  4- 6 || total
-------------------------+-------+-------++-------
Melee: Trident           |   100 |    84 ||   184
Throw: Throwing net      |     1 |     2 ||     3
  Use: Scroll            |       |     1 ||     1
 Stab: Sleeping          |     4 |       ||     4
       Held in net/web   |       |     1 ||     1
  Eat: Chunk             |     1 |     3 ||     4
Armor: Leather armour    |    11 |       ||    11
       Robe              |     7 |     8 ||    15
Dodge: Dodged            |    44 |    40 ||    84
